 Dungeon Crawl Stone Soup version 0.30.0 (webtiles) character file.

Game seed: 7384380058421612389

1344 BigSol the Slasher (level 8, -3/61 HPs)
             Began as a Djinni Monk on Sept 19, 2023.
             Slain by Joseph
             ... wielding a +0 quarterstaff
              (16 damage)
             ... on level 7 of the Dungeon.
             The game lasted 00:15:11 (5324 turns).

BigSol the Slasher (Djinni Monk)                    Turns: 5324, Time: 00:15:12

Health: -3/61      AC:  5    Str: 10    XL:     8   Next: 93%
Gold:   338        EV: 15    Int: 18    God:
                   SH:  0    Dex: 17

rFire   + + .        h - +0 long sword
rCold   x . .        d - orb {light}
rNeg    + . .        p - +1 leather armour "Wauffe" {Int+5}
rPois   ∞            (no helmet)
rElec   .            o - +0 cloak
rCorr   .            (no gloves)
SInv    .            (boots unavailable)
Will    +....        (no amulet)
Stlth   +            k - ring of positive energy
HPRegen 0.30/turn    y - ring of willpower
MPRegen 0.00/turn

%: infuse magic (-4 HP)
@: flying, glowing
A: sickness immunity, fire resistance 2, cold vulnerability 1, float, innate
caster, HP casting, extra vitality 1
a: no special abilities


You were on level 7 of the Dungeon.
You visited 1 branch of the dungeon, and saw 7 of its levels.

You collected 338 gold pieces.

Inventory:

Hand Weapons
 h - a +0 long sword (weapon)
Armour
 d - an orb of light (worn)
 n - a +0 ring mail
 o - a +0 cloak (worn)
 p - the +1 leather armour "Wauffe" (worn) {Int+5}
   (You found it on level 5 of the Dungeon)

   Int:       It affects your intelligence (+5).
Jewellery
 k - a ring of positive energy (left hand)
 y - a ring of willpower (right hand)
Wands
 l - a wand of flame (15)
 v - a wand of charming (12)
 z - a wand of polymorph (7)
Scrolls
 a - a scroll of immolation
Potions
 b - 3 potions of might
 c - 2 potions of ambrosia
 e - a potion of berserk rage
 f - a potion of resistance
 g - a potion of curing
 i - a potion of haste
 r - 2 potions of cancellation
 s - a potion of brilliance {unknown}
 t - a potion of mutation {unknown}
 u - 2 potions of flight {unknown}


   Skills:
 * Level 5.9 Fighting
 * Level 7.2 Long Blades
 - Level 6.4 Dodging


You knew the following spells:

 Your Spells              Type           Power      Damage    Failure   Level
a - Freeze                Ice            0%         1d3       30%         1
b - Passwall              Tmut/Erth      0%         N/A       41%         2
c - Static Discharge      Conj/Air       0%         2-2/arc   41%         2
Your spell library was empty.

Dungeon Overview and Level Annotations

Branches:
Dungeon (7/15)
 Temple: D:4-7

Altars:
Ashenzari
Elyvilon
Yredelemnul

Shops:
D:3 [=   D:5 :

Annotations:
D:7 Joseph


Innate Abilities, Weirdness & Mutations

You are immune to sickness and miasma.
You are immune to poison.
Your flesh is very heat resistant. (rF++)
You are vulnerable to cold. (rC-)
You float through the air rather than walking.
You learn spells naturally, not from books.
Your magical power is your life essence.
You have superior vitality. (+4 MHP)


Message History

You hit Joseph.
Joseph is lightly wounded.
Joseph hits you with a +0 quarterstaff!
You slash Joseph!
Joseph is lightly wounded.
Joseph hits you with a +0 quarterstaff!
You hit Joseph.
Joseph is moderately wounded.
Joseph shouts, "I love to fight!
I love killing!"
Joseph hits you but does no damage.
You hit Joseph but do no damage.
Joseph is moderately wounded.
Joseph hits you with a +0 quarterstaff!
You hit Joseph but do no damage.
Joseph is moderately wounded.
Joseph closely misses you.
You slash Joseph!
Joseph is heavily wounded.
Joseph hits you but does no damage.
You hit Joseph but do no damage.
Joseph is heavily wounded.
Joseph barely misses you.
You slash Joseph!
Joseph is severely wounded.
Joseph hits you with a +0 quarterstaff!
* * * LOW HITPOINT WARNING * * *
You barely miss Joseph.
Joseph is severely wounded.
Joseph hits you with a +0 quarterstaff.
* * * LOW HITPOINT WARNING * * *
You hit Joseph but do no damage.
Joseph is heavily wounded.
Joseph completely misses you.
You barely miss Joseph.
Joseph is heavily wounded.
Joseph completely misses you.
You slash Joseph!
Joseph is severely wounded.
Joseph hits you with a +0 quarterstaff!
You die...

#.........
#.)......
#....... #
#.?.... ...#
#..... ...#
#.... ....#
#...# ....#
#...##....##
#...@@......
#...........
#..<........
############


You could see Joseph.

Vanquished Creatures
  3 water moccasins
  A black bear (D:5)
  2 ice beasts
  A sky beast (D:6)
  3 scorpions
  3 hounds (D:6)
  3 jellies
  An orc priest (D:4)
  3 iguanas
  Ijyb (D:4)
  2 orc wizards (D:5)
  5 adders
  A white imp (D:5)
  A worm (D:4)
  A dart slug (D:5)
  4 orcs (D:5)
  5 bats
  9 endoplasms
  3 giant cockroaches
  6 hobgoblins
  4 jackals (D:1)
  4 quokkas
  4 ball pythons
  2 frilled lizards (D:2)
  5 goblins
  8 kobolds
  6 rats
91 creatures vanquished.

Vanquished Creatures (others)
  4 plants (D:7)
4 creatures vanquished.

Grand Total: 95 creatures vanquished

Notes
Turn   | Place    | Note
-------+----------+-------------------------------------------
     0 | D:1      | BigSol the Djinni Monk began the quest for the Orb.
     0 | D:1      | Reached XP level 1. HP: 20/20 MP: 0/0
   203 | D:1      | Reached XP level 2. HP: 25/25 MP: 0/0
   206 | D:1      | Reached skill level 3 in Long Blades
   426 | D:1      | Reached XP level 3. HP: 30/30 MP: 0/0
   426 | D:1      | Learned a level 1 spell: Freeze
  1190 | D:2      | Reached XP level 4. HP: 31/35 MP: 0/0
  1416 | D:3      | Found Dow Udar's Jewellery Boutique.
  1428 | D:3      | Found Moogh's Armour Shoppe.
  1962 | D:4      | Noticed a scorpion
  1973 | D:4      | Killed a scorpion
  1974 | D:4      | Reached skill level 4 in Long Blades
  1974 | D:4      | Reached XP level 5. HP: 29/40 MP: 0/0
  1974 | D:4      | Learned a level 2 spell: Passwall
  2079 | D:4      | Found a broken altar of Ashenzari.
  2116 | D:4      | Noticed Ijyb
  2124 | D:4      | Reached skill level 5 in Dodging
  2162 | D:4      | Killed Ijyb
  2406 | D:4      | Reached XP level 6. HP: 29/46 MP: 0/0
  2497 | D:4      | HP: 1/46 [acid (7)]
  2503 | D:4      | HP: 1/46 [acid (4)]
  2511 | D:4      | HP: 2/46 [acid (7)]
  3021 | D:5      | Entered Level 5 of the Dungeon
  3226 | D:5      | Reached skill level 5 in Long Blades
  3231 | D:5      | Reached XP level 7. HP: 31/50 MP: 0/0
  3231 | D:5      | Learned a level 2 spell: Static Discharge
  3434 | D:5      | Found a basalt altar of Yredelemnul.
  3624 | D:5      | Identified the +1 leather armour "Wauffe" {Int+5}
  3637 | D:5      | Found a white marble altar of Elyvilon.
  3691 | D:5      | Noticed a water moccasin
  3700 | D:5      | Killed a water moccasin
  3906 | D:5      | Found Dot Zano's Book Shop.
  3911 | D:5      | Noticed a water moccasin
  3924 | D:5      | Killed a water moccasin
  3925 | D:5      | Reached skill level 6 in Long Blades
  3925 | D:5      | Reached XP level 8. HP: 48/58 MP: 0/0
  4523 | D:6      | Reached skill level 5 in Fighting
  4919 | D:6      | Reached skill level 7 in Long Blades
  5307 | D:7      | Noticed Joseph
  5324 | D:7      | Slain by Joseph

Illustrated notes

Levels and vault maps discovered:
D:1:      co_arrival_square_in_a_square_in_a_square, layout_basic,
          nicolae_figureground_sparkle
D:2:      layout_loops_cross, minmay_tromino_v4_c
D:3:      layout_basic, serial_shops, nicolae_diamond_shop, shop
D:4:      layout_basic, overflow_temple_1_default, grunt_ministairs_13,
          minmay_pentangle, uniq_ijyb
D:5:      layout_loops_ring, kennysheep_mini_moat, lemuel_round_altar,
          lemuel_doored_altar, serial_shops, shop
D:6:      layout_loops_ring
D:7:      layout_gridville, mainiacjoe_overflow_24_doors,
          minmay_temple_entry_tees, enter_bailey_4, kennysheep_boxes,
          uniq_joseph

Skill      XL: |  1  2  3  4  5  6  7  8 |
---------------+-------------------------+-----
Long Blades    | 3 4 5 6 7 |  7.2
Dodging        | 4 5 6 |  6.4
Fighting       | 4 5 |  5.9

Action                     |  1- 3 |  4- 6 |  7- 9 || total
---------------------------+-------+-------+-------++-------
  Melee: Falchion          |    64 |   139 |   125 ||   328
         Long sword        |       |       |    21 ||    21
    Use: Scroll            |       |     5 |     7 ||    12
         Potion            |       |     6 |     1 ||     7
   Stab: Sleeping          |     1 |       |       ||     1
 Armour: Robe              |     4 |       |       ||     4
         Leather armour    |     1 |       |    17 ||    18
         Ring mail         |    15 |    43 |    10 ||    68
  Dodge: Dodged            |    30 |    76 |    97 ||   203
